[Event "Late-Titled-Tuesday-Blitz-September-26-2023"]
[Site "Chess.com"]
[Date "2023.09.26"]
[Round "2"]
[White "QuintilianoR"]
[Black "Dubs123"]
[Result "1-0"]
[WhiteElo "2666"]
[BlackElo "2358"]
[TimeControl "180+1"]
[EndTime "14:17:03 PDT"]
[Termination "QuintilianoR won by resignation"]

1. Nf3 d5 2. e3 Nf6 3. c4 e6 4. b3 Be7 5. Bb2 c5 6. Nc3 Nc6 7. cxd5 exd5 8. d4 Bg4 9. Be2 Bxf3 10. Bxf3 cxd4 11. exd4 O-O 12. O-O Re8 13. a3 Qd7 14.
b4 Rad8 15. Qd3 Bf8 16. g3 g6 17. Na4 b6 18. Nc3 Bg7 19. Bd1 Ne4 20. Ba4 Qb7 21.
Rac1 Re6 22. Nxd5 Rxd5 23. Bxc6 Rxc6 24. Qxe4 Rxc1 25. Qe8+ Bf8 26. Rxc1 Qe7 27. Rc8 Qxe8 28. Rxe8 Kg7 29. Ra8 Rd7 30. d5+ Kg8 31. Bf6 Rxd5 32.
Be7 Rd1+ 33. Kg2 Kg7 34. Bxf8+ 1-0

[Event "Late-Titled-Tuesday-Blitz-September-26-2023"]
[Site "Chess.com"]
[Date "2023.09.26"]
[Round "2"]
[White "PotapovaM"]
[Black "picturesquecheck"]
[Result "1-0"]
[WhiteElo "2606"]
[BlackElo "2370"]
[TimeControl "180+1"]
[EndTime "14:17:03 PDT"]
[Termination "PotapovaM won by resignation"]

1. Nf3 d6 2. e4 g6 3. d4 Bg7 4. h3 Nd7 5. Be2 c6 6. O-O Ngf6 7. a4 O-O 8. Nc3 e5 9. Re1 Re8 10. dxe5 dxe5 11. Be3 Qc7 12. a5 Nf8 13. Nd2 Ne6 14.
Nc4 Rd8 15. Qc1 Nd4 16. Bf1 Be6 17. b3 Nd7 18. Ne2 b5 19. Nxd4 exd4 20. Bf4 Qc8 21. Nd6 Qa6 22. e5 Nxe5 23. Nxf7 Nxf7 24. Rxe6 d3 25.
Bxd3 Bxa1 26. Qxa1 Qc8 27. Qf6 Re8 28. Rxc6 Qd8 29. Bxb5 Qxf6 30. Rxf6 Kg7 31. Ra6 Re1+ 32. Kh2 Re4 33. g3 g5 34. Be3 Rb4 35. Bc4 h6 36. Rxa7 Rxa7 37. Bxa7 Nd6 38. Bc5 1-0

[Event "Late-Titled-Tuesday-Blitz-September-26-2023"]
[Site "Chess.com"]
[Date "2023.09.26"]
[Round "2"]
[White "acertijo08"]
[Black "Arteler"]
[Result "1-0"]
[WhiteElo "2373"]
[BlackElo "2565"]
[TimeControl "180+1"]
[EndTime "14:17:03 PDT"]
[Termination "acertijo08 won by resignation"]

1. e4 e6 2. d4 d5 3. Nc3 Bb4 4. e5 c5 5. a3 Ba5 6. b4 cxd4 7. Qg4 Ne7 8. Qxg7 Rg8 9. Qxh7 Bc7 10.
Nb5 Bxe5 11. Nf3 Nbc6 12. Bg5 Rh8 13. Qd3 Bg7 14. Nbxd4 e5 15. Nxc6 bxc6 16. Qd2 f6 17.
Be3 d4 18. Nxd4 exd4 19. Bxd4 Nf5 20. c3 Nxd4 21. cxd4 Qe7+ 22. Be2 Bh6 23. Qc2 Bd7 24. O-O Kf8 25. Rfe1 Qh7 26. Bd3 f5 27. Qc5+ Kg8 28.
Bc4+ Qf7 29. Bxf7+ Kxf7 30. Re7+ Kf6 31. Qe5+ 1-0

[Event "Late-Titled-Tuesday-Blitz-September-26-2023"]
[Site "Chess.com"]
[Date "2023.09.26"]
[Round "2"]
[White "rdarruda"]
[Black "Sacbutt"]
[Result "1-0"]
[WhiteElo "2486"]
[BlackElo "2276"]
[TimeControl "180+1"]
[EndTime "14:17:03 PDT"]
[Termination "rdarruda won by resignation"]

1. e4 e5 2. Nf3 Nc6 3. Nc3 Nf6 4.
Bc4 Bb4 5. d3 h6 6. O-O d6 7.
Nd5 Nxd5 8. Bxd5 Bg4 9. h3 Bxf3 10. Qxf3 O-O 11. c3 Bc5 12. Be3 Bb6 13. Rad1 Rb8 14. Qg3 Kh8 15. d4 exd4 16. cxd4 Ne7 17. Bb3 d5 18. exd5 Nxd5 19. Bc1 c6 20. Rfe1 Qf6 21. Re4 Rbe8 22. Rh4 Bd8 23. Rh5 Bc7 24. Qg4 Nf4 25. Rf5 Ne2+ 26. Kh1 Qd6 27. g3 Nxc1 28. Rxc1 Bb6 29. Rd1 Re7 30. Kg2 Qd7 31. Qf3 Bxd4 32. Qf4 c5 33. Rxc5 Bxc5 34. Rxd7 Rxd7 35. Bc2 Rd5 36. Qe4 1-0

[Event "Late-Titled-Tuesday-Blitz-September-26-2023"]
[Site "Chess.com"]
[Date "2023.09.26"]
[Round "2"]
[White "invisible_s0ul"]
[Black "arminmusovic"]
[Result "0-1"]
[WhiteElo "2292"]
[BlackElo "2495"]
[TimeControl "180+1"]
[EndTime "14:17:05 PDT"]
[Termination "arminmusovic won by resignation"]

1. e4 c6 2. d4 d5 3. Nc3 dxe4 4.
Nxe4 Nf6 5. Nxf6+ exf6 6. c3 Bd6 7. Bd3 O-O 8. Ne2 Re8 9. Qc2 Kh8 10. Be3 Nd7 11. Bxh7 g6 12. Bxg6 fxg6 13. Qxg6 Nf8 14. Qh6+ Nh7 15. O-O-O Qa5 16. Kb1 Bf5+ 17. Ka1 Be6 18.
Nc1 b5 19. Bd2 b4 20. cxb4 Bxb4 21. Bxb4 Qxb4 22. Rd3 Rab8 23. b3 a5 24. Rhd1 Qf8 25.
Qxf8+ Nxf8 26. f3 Ng6 27. g3 Bd5 28. Kb2 a4 29. Kc3 Ra8 30. b4 a3 31. Nb3 Ne7 32.
R1d2 Kg8 33. Nc5 Bf7 34. f4 Nd5+ 35. Kc2 Nxb4+ 36. Kc3 Nxd3 37. Rxd3 Bxa2 0-1

[Event "Late-Titled-Tuesday-Blitz-September-26-2023"]
[Site "Chess.com"]
[Date "2023.09.26"]
[Round "2"]
[White "GaiozNigalidze"]
[Black "topin8"]
[Result "1-0"]
[WhiteElo "2719"]
[BlackElo "2437"]
[TimeControl "180+1"]
[EndTime "14:17:06 PDT"]
[Termination "GaiozNigalidze won on time"]

1. d4 Nf6 2. c4 c5 3. d5 d6 4. Nc3 g6 5. e4 Bg7 6. h3 O-O 7. Nf3 e6 8. Bd3 exd5 9. exd5 Re8+ 10. Be3 Rxe3+ 11. fxe3 Qe7 12. O-O Nbd7 13. Qe2 Nh5 14. Qf2 Ne5 15. Be2 Nf6 16. Nxe5 Qxe5 17. Qf4 Qe7 18.
Rae1 Nd7 19. Ne4 Be5 20. Qg5 Qxg5 21. Nxg5 Nf6 22. g4 Bd7 23. Rb1 a5 24. Nf3 Ne4 25.
Nxe5 dxe5 26. Rbd1 Kg7 27. d6 1-0

[Event "Late-Titled-Tuesday-Blitz-September-26-2023"]
[Site "Chess.com"]
[Date "2023.09.26"]
[Round "2"]
[White "Kombinator01"]
[Black "elcala"]
[Result "1-0"]
[WhiteElo "2405"]
[BlackElo "1721"]
[TimeControl "180+1"]
[EndTime "14:17:08 PDT"]
[Termination "Kombinator01 won by resignation"]

1. d4 d5 2. Bf4 Nf6 3. e3 Bf5 4. c4 c6 5. Nc3 e6 6. Qb3 Qb6 7.
c5 Qxb3 8. axb3 Ne4 9. Nxe4 Bxe4 10. Bxb8 Rxb8 11. Rxa7 Be7 12. f3 Bg6 13. h4 h6 14.
Ne2 O-O 15. Nc1 Bf6 16. f4 b6 17. cxb6 Rxb6 18. Kd2 Rfb8 19. h5 Be4 20. Bd3 Bxg2 21.
Rh2 Bf3 22. Rc7 Bd8 23. Rd7 R6b7 24. Rxb7 Rxb7 25. Be2 Ba5+ 26. Kd1 Be4 27. Rf2 Bb4 28. Bf3 Bxf3+ 29. Rxf3 c5 30. dxc5 Bxc5 31. Nd3 Bd6 32.
Kc2 Rc7+ 33. Kd2 Rb7 34. Kc3 Bc7 35. b4 g6 36. hxg6 fxg6 37. Nc5 Rb6 38. Kb3 Bd6 39. Nd3 Be7 40. Ka4 h5 41. b5 Kf7 42. Ne5+ Kf6 43.
Nd7+ 1-0

[Event "Late-Titled-Tuesday-Blitz-September-26-2023"]
[Site "Chess.com"]
[Date "2023.09.26"]
[Round "2"]
[White "Smiechu"]
[Black "BahadirOzen"]
[Result "0-1"]
[WhiteElo "2527"]
[BlackElo "2806"]
[TimeControl "180+1"]
[EndTime "14:17:10 PDT"]
[Termination "BahadirOzen won on time"]

1. e4 g6 2. d4 Bg7 3. Nc3 a6 4. Be3 d6 5. Qd2 b5 6. h4 h6 7. h5 g5 8. f4 gxf4 9. Bxf4 Nd7 10. Nf3 Ngf6 11. e5 b4 12. exf6 bxc3 13. Qxc3 Nxf6 14. Bc4 Bg4 15. O-O-O Bxh5 16. Rde1 Kf8 17. Nh4 Qd7 18. Qd3 Rb8 19. Nf5 Bg6 20. g4 Nxg4 21. Qf3 Bxf5 22. Rhf1 e6 23. Bg3 Bxd4 24. c3 Bf6 25. Bd3 Bg5+ 26.
Kb1 Bxd3+ 27. Qxd3 Qb5 28. Qc2 Ne3 29. Rxe3 Qxf1+ 30. Re1 Qf5 31. Re4 d5 0-1

[Event "Late-Titled-Tuesday-Blitz-September-26-2023"]
[Site "Chess.com"]
[Date "2023.09.26"]
[Round "2"]
[White "glebus008"]
[Black "Valeron87"]
[Result "0-1"]
[WhiteElo "2273"]
[BlackElo "2479"]
[TimeControl "180+1"]
[EndTime "14:17:10 PDT"]
[Termination "Valeron87 won by checkmate"]

1. Nf3 d5 2. c4 e6 3. g3 dxc4 4. Qa4+ c6 5. Qxc4 b5 6. Qc2 Bb7 7. Bg2 Nd7 8. Nd4 Qb6 9. Bxc6 Rc8 10. Bxd7+ Kxd7 11. Nc3 Bxh1 12. Qd3 Ke8 13. f3 Bc5 14. e3 Bxd4 15. exd4 Qc6 16. Ne4 Nf6 17. Nxf6+ gxf6 18. Kf2 h5 19. b3 h4 20. g4 h3 21. Ba3 Bg2 22. Re1 a6 23. d5 Qc2 24. Qe3 e5 25.
f4 Rg8 26. fxe5 Rxg4 27. exf6+ Re4 28. Qa7 Rxe1 29. Kxe1 Qe4+ 30. Kf2 Qf3+ 31. Ke1 Qf1# 0-1

[Event "Late-Titled-Tuesday-Blitz-September-26-2023"]
[Site "Chess.com"]
[Date "2023.09.26"]
[Round "2"]
[White "Alexei_Gubajdullin"]
[Black "cristiano78"]
[Result "1-0"]
[WhiteElo "2680"]
[BlackElo "2259"]
[TimeControl "180+1"]
[EndTime "14:17:13 PDT"]
[Termination "Alexei_Gubajdullin won by resignation"]

1. d4 Nf6 2. Nf3 g6 3. Bf4 d6 4.
e3 Bg7 5. Be2 O-O 6. O-O b6 7.
a4 Ba6 8. Bxa6 Nxa6 9. a5 c5 10. Qe2 Nc7 11. Nc3 Nfd5 12. Nxd5 Nxd5 13. Bg3 Nf6 14.
axb6 axb6 15. Qb5 Qc7 16. c3 Ne4 17. Ra6 Rxa6 18. Qxa6 Nxg3 19. hxg3 Rb8 20. Ra1 h6 21. Qb5 e6 22. Ra6 Kh7 23. Nd2 f5 24. Nc4 cxd4 25.
exd4 e5 26. dxe5 dxe5 27. Rxb6 Rxb6 28. Nxb6 e4 29. Nd5 Qe5 30. Qd7 h5 31. b4 e3 32.
Nxe3 Qxc3 33. b5 Kh6 34. Kh2 Bd4 35. Qc6 Qd3 36. Qd6 Qe4 37. Qf4+ Qxf4 38. gxf4 Kg7 39. Nc4 Bxf2 40. b6 Kf6 41. b7 Ba7 42. Ne5 g5 43.
Nc6 1-0

[Event "Late-Titled-Tuesday-Blitz-September-26-2023"]
[Site "Chess.com"]
[Date "2023.09.26"]
[Round "2"]
[White "WindWhistler11"]
[Black "CURRUTACO59"]
[Result "1-0"]
[WhiteElo "2468"]
[BlackElo "2245"]
[TimeControl "180+1"]
[EndTime "14:17:15 PDT"]
[Termination "WindWhistler11 won on time"]

1. Nf3 Nf6 2. g3 b6 3. d3 d5 4. Nbd2 Bb7 5. Bg2 e6 6. e4 dxe4 7. Ng5 c5 8. O-O Be7 9. Ngxe4 Qc7 10. Qf3 Nc6 11. Nc4 O-O 12. Bf4 e5 13. Nxe5 Nxe5 14. Nxf6+ Bxf6 15. Qxb7 Qxb7 16. Bxb7 Rad8 17. Rad1 Ng6 18.
Bc1 Rd7 19. Bc6 Rd6 20. Bg2 Rfd8 21. b3 b5 22. Be3 c4 23. Bc5 R6d7 24. b4 cxd3 25. Bc6 Rc7 26. Bxb5 dxc2 27. Rxd8+ Bxd8 28. Rc1 Be7 29. Rxc2 Ne5 30. Kg2 a5 31. Rd2 Bxc5 32. bxc5 g6 33. Rd5 f6 34. f4 Ng4 35. Kf3 h5 36. h3 Nh6 37. c6 Nf5 38. Rd7 Rc8 39. c7 1-0

[Event "Late-Titled-Tuesday-Blitz-September-26-2023"]
[Site "Chess.com"]
[Date "2023.09.26"]
[Round "2"]
[White "JiiHart"]
[Black "YEIKO2017"]
[Result "0-1"]
[WhiteElo "2171"]
[BlackElo "2456"]
[TimeControl "180+1"]
[EndTime "14:17:15 PDT"]
[Termination "YEIKO2017 won on time"]

1. e4 c5 2. c3 d6 3. d4 Nf6 4.
Bd3 g6 5. Ne2 Bg7 6. O-O O-O 7.
h3 e5 8. Be3 Qc7 9. Nd2 Nbd7 10. a4 Re8 11. f3 d5 12. b3 b6 13. Qc2 Bb7 14. Rfc1 Rac8 15. Qb2 dxe4 16. dxe5 exd3 17. exf6 Bxf6 18. Bf4 Rxe2 19. Bxc7 Rxc7 20. Re1 Ne5 21. Rxe2 dxe2 22. Ne4 Bxe4 23. fxe4 Rd7 24. Qxe2 Nc6 25. Qe3 Kg7 26. g4 h6 27. Kg2 Ne5 28. a5 Rd3 29.
Qe1 g5 30. axb6 axb6 31. Ra6 Ng6 32. Rxb6 Nf4+ 33. Kf2 Bxc3 0-1

[Event "Late-Titled-Tuesday-Blitz-September-26-2023"]
[Site "Chess.com"]
[Date "2023.09.26"]
[Round "2"]
[White "melissa_guez"]
[Black "ExchangeAB"]
[Result "1-0"]
[WhiteElo "2150"]
[BlackElo "2419"]
[TimeControl "180+1"]
[EndTime "14:17:18 PDT"]
[Termination "melissa_guez won by resignation"]

1. e4 c6 2. c4 d5 3. exd5 cxd5 4. cxd5 Nf6 5. Qa4+ Nbd7 6. Nc3 g6 7. Bc4 Bg7 8. Nf3 O-O 9. O-O Nb6 10. Qb3 Nxc4 11. Qxc4 Bf5 12. d4 Rc8 13. Qb5 b6 14. Ne5 Bd7 15. Qb3 Ng4 16. f4 Nh6 17. Be3 Nf5 18.
Bf2 Nd6 19. Rfe1 f6 20. Nxd7 Qxd7 21. Ne4 Nxe4 22. Rxe4 Rfd8 23. d6+ e6 24. Rxe6 Kh8 25. f5 gxf5 26. Bg3 Re8 27. Rae1 Rxe6 28. Qxe6 Qxe6 29. Rxe6 Kg8 30. d7 Rc1+ 31. Re1 1-0

[Event "Late-Titled-Tuesday-Blitz-September-26-2023"]
[Site "Chess.com"]
[Date "2023.09.26"]
[Round "2"]
[White "Zavgorodniy_Sergiy"]
[Black "rasmussvane"]
[Result "0-1"]
[WhiteElo "2606"]
[BlackElo "2984"]
[TimeControl "180+1"]
[EndTime "14:17:20 PDT"]
[Termination "rasmussvane won by resignation"]

1. d4 d5 2. c4 e6 3. Nf3 a6 4. e3 Nf6 5. Nbd2 c5 6. dxc5 Bxc5 7. a3 O-O 8. b4 Be7 9. Bb2 a5 10. b5 b6 11. Be2 Bb7 12. O-O Nbd7 13. Rc1 Rc8 14.
Nd4 Nc5 15. cxd5 Nxd5 16. Nc4 Ne4 17. Bf3 Nec3 18. Qd3 Na4 19. Ba1 Bf6 20. Rfd1 Qe7 21. Qb3 Nc5 22. Qb1 Nd7 23. Nc6 Bxc6 24. bxc6 Rxc6 25.
Bxd5 exd5 26. Rxd5 Bxa1 27. Qxa1 Rfc8 28. Qd4 Nf6 29.
Re5 Rxc4 30. Rxc4 Rxc4 31. Qxc4 Qxe5 32. h3 g6 33. Qc8+ Kg7 34. g3 Qc5 35. Qb7 Qxa3 0-1

[Event "Late-Titled-Tuesday-Blitz-September-26-2023"]
[Site "Chess.com"]
[Date "2023.09.26"]
[Round "2"]
[White "ErikRonka"]
[Black "MeisterJabo"]
[Result "0-1"]
[WhiteElo "2487"]
[BlackElo "2320"]
[TimeControl "180+1"]
[EndTime "14:17:20 PDT"]
[Termination "MeisterJabo won on time"]

1. e4 e5 2. Nc3 Nf6 3. Bc4 Nc6 4.
d3 Bc5 5. f4 d6 6. Nf3 Bg4 7.
Na4 Nd4 8. Nxc5 dxc5 9. fxe5 Nd7 10. Bf4 Qe7 11. c3 Nc6 12. d4 cxd4 13. O-O Ndxe5 14. Bxe5 Nxe5 15. cxd4 Nxf3+ 16. gxf3 Bh3 17. Rf2 O-O-O 18. d5 Rd6 19. Kh1 Rg6 20. Qd4 Kb8 21. e5 Re8 22.
f4 Qb4 23. Rd1 Rd8 24. a3 Qe7 0-1

[Event "Late-Titled-Tuesday-Blitz-September-26-2023"]
[Site "Chess.com"]
[Date "2023.09.26"]
[Round "2"]
[White "Mariia89"]
[Black "orestn"]
[Result "0-1"]
[WhiteElo "2084"]
[BlackElo "2428"]
[TimeControl "180+1"]
[EndTime "14:17:23 PDT"]
[Termination "orestn won on time"]

1. d4 d5 2. c4 e6 3. Nc3 Nf6 4.
Nf3 Nbd7 5. Bg5 h6 6. Bh4 Be7 7. e3 O-O 8. Bd3 c5 9. cxd5 Nxd5 10.
Nxd5 Bxh4 11. Nxh4 exd5 12. Nf3 c4 13. Bc2 Nf6 14. Ne5 b5 15. a4 b4 16. O-O a5 17.
b3 Ba6 18. Re1 Rc8 19. Rc1 cxb3 20. Bxb3 Qd6 21. Qf3 Rc3 22. Bc2 Rfc8 23. Qf5 b3 24. Nxf7 Kxf7 25. Qg6+ Kf8 26. e4 dxe4 27. Bxb3 Rxb3 28.
Rxc8+ Bxc8 29. Rc1 Bd7 30. h4 Rb2 31. Rc4 Rb4 32. Rc1 Rxd4 33. g3 Rd1+ 34. Rxd1 Qxd1+ 35. Kh2 Qd5 36. h5 Qxh5+ 0-1

[Event "Late-Titled-Tuesday-Blitz-September-26-2023"]
[Site "Chess.com"]
[Date "2023.09.26"]
[Round "2"]
[White "adiosabu"]
[Black "vladislavkovalev"]
[Result "0-1"]
[WhiteElo "2560"]
[BlackElo "2877"]
[TimeControl "180+1"]
[EndTime "14:17:24 PDT"]
[Termination "vladislavkovalev won on time"]

1. e4 e5 2. Nf3 Nc6 3. Bb5 a6 4. Ba4 Nf6 5. d3 b5 6. Bb3 Bc5 7. a4 Rb8 8. axb5 axb5 9. O-O d6 10. Nc3 h6 11. Nd5 Nxd5 12. exd5 Nd4 13. Nxd4 Bxd4 14. c3 Bb6 15. Be3 Bxe3 16. fxe3 O-O 17. e4 f5 18. d4 Qe7 19. dxe5 Qxe5 20. exf5 Bxf5 21. Qd2 Bg6 22. Rfe1 Qf5 23. Rf1 Qe4 24. Rfe1 Qh4 25. Bc2 Bxc2 26. Qxc2 b4 27. c4 Qd4+ 28. Kh1 Rf2 29. Qg6 Rbf8 30. h3 Qxc4 31. Qe6+ Kh8 32. Rac1 Qd4 33. Rxc7 Rf1+ 34. Rxf1 Rxf1+ 35. Kh2 Qf4+ 0-1

[Event "Late-Titled-Tuesday-Blitz-September-26-2023"]
[Site "Chess.com"]
[Date "2023.09.26"]
[Round "2"]
[White "ArtemDyachuk"]
[Black "traack"]
[Result "1-0"]
[WhiteElo "2696"]
[BlackElo "2408"]
[TimeControl "180+1"]
[EndTime "14:17:25 PDT"]
[Termination "ArtemDyachuk won by resignation"]

1. e4 c5 2. Nf3 e6 3. d4 cxd4 4. Nxd4 Nc6 5. Nc3 Qc7 6. Be3 a6 7. f4 b5 8. Bd3 Nxd4 9. Bxd4 Qxf4 10. Rf1 Qc7 11. Qh5 Nh6 12. g4 g6 13. Qh4 Rg8 14.
g5 Bc5 15. Bxc5 Qxc5 16. gxh6 Qe3+ 17. Ne2 Bb7 18. Qf4 Qxf4 19. Nxf4 Ke7 20. O-O-O f6 21. h4 g5 22. Nh5 Rg6 23. e5 f5 24. Nf6 gxh4 25. Bxb5 d5 26. Bd3 h3 27. Rh1 Rxh6 28.
Rdg1 Rf8 29. Rg7+ Rf7 30. Ng8+ Kf8 31. Rxf7+ Kxf7 32. Nxh6+ Kg6 33. Rxh3 1-0

[Event "Late-Titled-Tuesday-Blitz-September-26-2023"]
[Site "Chess.com"]
[Date "2023.09.26"]
[Round "2"]
[White "Andrej2004"]
[Black "Bauman_Guy"]
[Result "0-1"]
[WhiteElo "2557"]
[BlackElo "2865"]
[TimeControl "180+1"]
[EndTime "14:17:28 PDT"]
[Termination "Bauman_Guy won by resignation"]

1. Nf3 d5 2. b3 c6 3. Bb2 Nf6 4.
g3 Bg4 5. Bg2 Nbd7 6. O-O e6 7. h3 Bh5 8. d3 Bd6 9. Nbd2 O-O 10. e4 e5 11. exd5 cxd5 12. Re1 Re8 13. g4 Bg6 14. Nh4 a5 15. a3 Nc5 16. Nxg6 hxg6 17. d4 exd4 18. Bxd4 Ne6 19. Bb2 Nf4 20. Qf3 a4 21. Rxe8+ Qxe8 22. c4 axb3 23. cxd5 Ra5 24.
Nc4 Nxg2 25. Kxg2 Ra6 26. Ne3 Ne4 27. Re1 Ng5 28. Qe2 Qe4+ 29. f3 Qf4 30. Nf1 Bxa3 31. Be5 Qa4 32. h4 Nh7 33. Bc3 Nf6 34. Bxf6 gxf6 35.
Qe7 Bxe7 0-1

[Event "Late-Titled-Tuesday-Blitz-September-26-2023"]
[Site "Chess.com"]
[Date "2023.09.26"]
[Round "2"]
[White "zajka-molotok"]
[Black "dretch"]
[Result "0-1"]
[WhiteElo "2555"]
[BlackElo "2849"]
[TimeControl "180+1"]
[EndTime "14:17:28 PDT"]
[Termination "dretch won by resignation"]

1. e4 e6 2. d4 d5 3. exd5 exd5 4.
Nf3 Bd6 5. Bd3 Nc6 6. O-O Bg4 7.
c3 Nge7 8. Re1 Qd7 9. Nbd2 f6 10. b4 O-O 11. Nb3 Ng6 12. h3 Bf5 13. b5 Nce7 14. Nc5 Qc8 15. a4 b6 16. Bxf5 Nxf5 17. Nd3 c5 18. bxc6 Qxc6 19. Bd2 Rac8 20. a5 b5 21. Qb3 Qc4 22. Qxc4 dxc4 23. Nc1 a6 24. Ne2 Rfe8 25.
Kf1 Nfe7 26. Ng3 Bxg3 27. fxg3 Nd5 28. Rxe8+ Rxe8 29. Re1 Kf7 30. Rxe8 Kxe8 31. Ke2 Nge7 32. Kd1 Nc6 33. Kc2 Nxa5 34. Nh4 Kd7 35. Nf5 g6 36.
Nh6 Nc6 37. g4 a5 38. h4 b4 39. h5 a4 40. cxb4 Nxd4+ 41. Kb2 Nb5 42. Ka2 c3 43. Bc1 Nxb4+ 44. Kb1 a3 45. hxg6 a2+ 46. Ka1 Nd4 0-1

[Event "Late-Titled-Tuesday-Blitz-September-26-2023"]
[Site "Chess.com"]
[Date "2023.09.26"]
[Round "2"]
[White "Ykow"]
[Black "arturdailima"]
[Result "1-0"]
[WhiteElo "2503"]
[BlackElo "2302"]
[TimeControl "180+1"]
[EndTime "14:17:29 PDT"]
[Termination "Ykow won by resignation"]

1. g4 d5 2. Bg2 c6 3. h3 e5 4. c4 dxc4 5. Qc2 Be6 6. Nf3 Bd6 7. a4 Nd7 8. Na3 Bxa3 9. bxa3 Ngf6 10. Bb2 Qc7 11.
Nh4 O-O 12. Nf5 a5 13. f4 exf4 14. g5 Nh5 15. Rg1 Qb6 16. Bd4 Qb3 17. Qxb3 cxb3 18. Nd6 Rab8 19. Rb1 b5 20. Bxc6 bxa4 21. Bxa4 Bxh3 22.
Rxb3 Rxb3 23. Bxb3 Be6 24. Ba4 Rb8 25. Kf2 Nf8 26. Rc1 h6 27. gxh6 gxh6 28. Rg1+ Ng6 29. Bc2 Kh7 30. Ne4 Rd8 31. Bc3 Bf5 32. Nf6+ Nxf6 33.
Bxf5 Nd5 34. Bxa5 Ra8 35. Bb4 Nxb4 36. axb4 Rb8 37. Rb1 Kg7 38. b5 Kf6 39. Be4 Ke5 40. Rb4 Kd6 41. Bxg6 fxg6 42. Rxf4 Rxb5 43. Rf6+ Ke5 44.
Rxg6 Rb2 45. Ke3 Rb3+ 46. d3 Rb1 47. Rxh6 Rf1 48. Rh5+ Ke6 49. Rh3 Ke5 50. Rf3 Rh1 51.
d4+ Ke6 52. Ke4 Rh4+ 53. Kd3 Kd5 54. e4+ Kd6 55. d5 Rh1 56. Rf6+ Ke5 57. Re6+ Kf4 58. Kd4 Rd1+ 59. Kc5 Rc1+ 60. Kd6 1-0

[Event "Late-Titled-Tuesday-Blitz-September-26-2023"]
[Site "Chess.com"]
[Date "2023.09.26"]
[Round "2"]
[White "Jospem"]
[Black "jk13"]
[Result "1-0"]
[WhiteElo "2996"]
[BlackElo "2613"]
[TimeControl "180+1"]
[EndTime "14:17:31 PDT"]
[Termination "Jospem won by resignation"]

1. e4 e5 2. Nf3 Nc6 3. Nc3 Nf6 4. h3 Bb4 5. a3 Bxc3 6. dxc3 Nxe4 7.
Nxe5 Nxe5 8. Qd4 O-O 9. Qxe4 Re8 10. Be3 d5 11. Qf4 c6 12. O-O-O Ng6 13. Qg3 Qf6 14. h4 Ne5 15. Be2 Qg6 16. Qf4 Qf5 17. Rde1 Qxf4 18. Bxf4 Bd7 19. h5 f6 20. f3 Re7 21. b3 Rae8 22. Kd2 c5 23. Bg3 Bc6 24. a4 b6 25. Bf2 h6 26. Rhf1 Nf7 27. Bd3 Rxe1 28. Bxe1 Kf8 29. Bg3 Ne5 30. Be2 Re7 31. a5 Be8 32.
axb6 axb6 33. Rh1 Ra7 34. Bf2 Ke7 35. f4 Nf7 36. Bf3 Bc6 37. Re1+ Kf8 38. b4 Nd6 39.
bxc5 Nc4+ 40. Kd3 b5 41. Re6 Rc7 42. Kd4 Na3 43. Rxc6 Rxc6 44. Kxd5 Rc8 45. c6 Nc4 46. Bg4 Rd8+ 47. Kc5 Ke7 48. c7 1-0

[Event "Late-Titled-Tuesday-Blitz-September-26-2023"]
[Site "Chess.com"]
[Date "2023.09.26"]
[Round "2"]
[White "Battever"]
[Black "KejJaj"]
[Result "1-0"]
[WhiteElo "2463"]
[BlackElo "2200"]
[TimeControl "180+1"]
[EndTime "14:17:31 PDT"]
[Termination "Battever won by resignation"]

1. Nf3 f5 2. d3 Nc6 3. d4 e6 4.
c4 Nf6 5. Nc3 Bb4 6. Bd2 O-O 7. g3 d6 8. a3 Bxc3 9. Bxc3 Ne4 10.
Qc2 Qe7 11. Bg2 e5 12. dxe5 dxe5 13. O-O Nxc3 14. Qxc3 Bd7 15. b4 Rae8 16. b5 Nd8 17.
Rad1 c6 18. Nxe5 Qxe5 19. Qxe5 Rxe5 20. Rxd7 Rxe2 21. Rfd1 Nf7 22. bxc6 bxc6 23. Bxc6 Ne5 24. Bd5+ Kh8 25. Rxa7 Ng4 26. Bf3 Rc2 27. Rf7 Rg8 28.
Bxg4 fxg4 29. Rd4 h5 30. Rd5 Kh7 31. Rxh5+ Kg6 32. Rff5 Rxc4 33. Rc5 Rxc5 34. Rxc5 Ra8 35. Rc6+ Kf5 36. Rc5+ Kf6 37. Rc4 Kf5 38. a4 Ra5 39.
Rf4+ Kg5 40. Rb4 Ra6 41. Rb5+ Kf6 42. a5 Ra8 43. Rb6+ Ke5 44. a6 Ke4 45. Rb4+ Kf3 46. Rf4+ Ke2 47. Rxg4 Ra7 48. Kg2 Kd3 49. h4 Kc3 50. h5 Kd3 51. Rg6 Ke4 52. Rb6 Kf5 53.
Rb7 Rxa6 54. Rxg7 Ra4 55. h6 Ra8 56. g4+ Kf6 57. g5+ Kf5 58. h7 Rh8 59. g6 Kf6 60.
Rg8 1-0

[Event "Late-Titled-Tuesday-Blitz-September-26-2023"]
[Site "Chess.com"]
[Date "2023.09.26"]
[Round "2"]
[White "Eloist"]
[Black "chosenpr"]
[Result "1-0"]
[WhiteElo "2499"]
[BlackElo "2298"]
[TimeControl "180+1"]
[EndTime "14:17:33 PDT"]
[Termination "Eloist won by resignation"]

1. e4 e5 2. Bc4 Nf6 3. d3 Nc6 4. Nf3 Bc5 5. c3 a6 6. O-O Ba7 7.
Nbd2 O-O 8. h3 d6 9. Bb3 Ne7 10. Re1 Ng6 11. Nf1 Be6 12. Ng3 Re8 13. Bxe6 fxe6 14.
d4 Qe7 15. Be3 Rf8 16. dxe5 dxe5 17. Bxa7 Rxa7 18. Qb3 b5 19. a4 Rb7 20. axb5 axb5 21. Ra6 Re8 22. Ng5 Nf8 23. Nf5 Qd8 24. Rd1 Qc8 25. Rc6 h6 26. Nf3 Kf7 27. Nxe5+ Kg8 28. Nd4 Kh7 29. f4 g6 30. Qc2 Rd8 31. Ndf3 Rxd1+ 32. Qxd1 Nxe4 33. Qd3 Nd6 34. Qxd6 cxd6 35. Rxc8 dxe5 36.
Nxe5 Kg7 37. Kf2 b4 38. c4 g5 39. g3 Ng6 40. Nd3 Rd7 41. Ke3 gxf4+ 42. gxf4 b3 43.
c5 e5 44. f5 Rd5 45. fxg6 e4 46. Kxe4 1-0

[Event "Late-Titled-Tuesday-Blitz-September-26-2023"]
[Site "Chess.com"]
[Date "2023.09.26"]
[Round "2"]
[White "Sanan_Sjugirov"]
[Black "ArmanGhevondyanchess"]
[Result "1-0"]
[WhiteElo "2978"]
[BlackElo "2605"]
[TimeControl "180+1"]
[EndTime "14:17:34 PDT"]
[Termination "Sanan_Sjugirov won by resignation"]

1. e4 c5 2. Nf3 Nc6 3. Bb5 g6 4. O-O Bg7 5. Re1 Nh6 6. c3 O-O 7. h3 a6 8. Bxc6 bxc6 9. d4 cxd4 10. cxd4 d6 11. Nc3 f6 12. Be3 Rb8 13. b3 Nf7 14.
Rc1 Bd7 15. Qe2 Qa5 16. Bd2 Qh5 17. Qd3 g5 18. Nh2 Qg6 19. Qxa6 h5 20. Qe2 g4 21.
hxg4 hxg4 22. Nf1 Ng5 23. Ng3 e6 24. Qxg4 Rf7 25. f4 e5 26. f5 Qh6 27. dxe5 dxe5 28.
Bxg5 fxg5 29. Na4 Bf8 30. Red1 Rb4 31. Nc5 Bc8 32. Ne6 Be7 33. Rxc6 Bb7 34. Rc7 Qh4 35. Qxh4 gxh4 36. Nh5 Bxe4 37. f6 Bxf6 38. Nxf6+ Rxf6 39. Rd8+ 1-0

[Event "Late-Titled-Tuesday-Blitz-September-26-2023"]
[Site "Chess.com"]
[Date "2023.09.26"]
[Round "2"]
[White "Alphafischer2019"]
[Black "MITerryble"]
[Result "0-1"]
[WhiteElo "2589"]
[BlackElo "2932"]
[TimeControl "180+1"]
[EndTime "14:17:34 PDT"]
[Termination "MITerryble won by checkmate"]

1. Nf3 d5 2. g3 Nf6 3. Bg2 c6 4.
O-O Bg4 5. Ne5 Bh5 6. d3 Nbd7 7. Nxd7 Qxd7 8. Nd2 e5 9. Qe1 Bb4 10. c3 Be7 11.
Nf3 e4 12. dxe4 Nxe4 13. Bf4 O-O 14. Qc1 Rfe8 15. Qc2 Bc5 16. Rad1 Qf5 17. Qb3 Re7 18. c4 Nxf2 19. Rxf2 Rxe2 20. Rf1 Rae8 21. Qxb7 Rxf2 22.
Rxf2 Qb1+ 23. Bf1 Bxf3 24. Qxc6 Bxf2+ 25. Kxf2 Qe1+ 26. Kxf3 Qxf1+ 27. Kg4 Qe2+ 28. Kh4 dxc4 29. Qd7 Qxh2+ 30. Kg4 Qe2+ 31. Kh4 h6 32. Kh3 Qh5+ 33. Kg2 Re2+ 34. Kf1 Qf3+ 35. Kg1 Qg2# 0-1